 Dungeon Crawl Stone Soup version 0.17.0-56-gd8de76c (webtiles) character file.

1719 gorblad the Skirmisher (level 8, -4/65 HPs)
             Began as a Demonspawn Berserker on Dec 6, 2015.
             Was an Elder of Trog.
             Slain by a harpy (glowing shapeshifter) (11 damage)
             ... on level 6 of the Dungeon.
             The game lasted 00:13:38 (4467 turns).

gorblad the Skirmisher (Demonspawn Berserker)       Turns: 4467, Time: 00:13:38

Health: -4/65      AC: 15    Str: 19    XL:     8   Next: 75%
Magic:  8/8        EV:  7    Int:  8    God:    Trog [****..]
Gold:   362        SH:  0    Dex: 14    Spells: 0 memorised, 7 levels left

rFire  . . .     SeeInvis .     n - +0 long sword (chaos)
rCold  . . .     Clarity  .     t - +0 plate armour
rNeg   . . .     SustAt   .     (no shield)
rPois  .         Gourm    .     (no helmet)
rElec  .         Spirit   .     m - +0 cloak
rCorr  .         Warding  .     w - +0 pair of gloves
rMut   .         Stasis   .     (no boots)
MR     .....                    (no amulet)
Stlth  ..........               (no ring)
                                (no ring)

@: not resistant to hostile enchantments, extremely unstealthy
A: hooves 1, powered by death 1
a: Berserk, Trog's Hand, Brothers in Arms, Burn Spellbooks, Renounce Religion


You were on level 6 of the Dungeon.
You worshipped Trog.
Trog was greatly pleased with you.
You were not hungry.

You visited 1 branch of the dungeon, and saw 6 of its levels.
You also visited: Sewer.

You collected 362 gold pieces.

Inventory:

Hand Weapons
 a - a +0 falchion
 n - a +0 long sword of chaos (weapon)
Armour
 b - a +0 animal skin
 e - a +2 chain mail of fire resistance
 m - a +0 cloak (worn)
 t - a +0 plate armour (worn)
 w - a +0 pair of gloves (worn)
Wands
 v - a wand of draining (8)
Scrolls
 d - 3 scrolls of remove curse
 i - 2 scrolls of identify
 o - a scroll of blinking
 r - 2 scrolls of teleportation
Potions
 h - 3 potions of curing
 j - a potion of haste
 q - 3 potions of flight
Comestibles
 f - 4 bread rations
 l - 2 meat rations
 p - 2 beef jerkies
 u - a royal jelly
 x - 5 fruits


   Skills:
 + Level 6.3 Fighting
 + Level 6.1 Long Blades
 + Level 5.8 Armour
 + Level 4.3 Dodging
 + Level 0.4 Stealth


You had 7 spell levels left.
You didn't know any spells.

Dungeon Overview and Level Annotations

Branches:
Dungeon (6/15)
 Temple: D:4-7

Altars:


Innate Abilities, Weirdness & Mutations

You have large cloven feet.
You regenerate a little health from kills.


Message History

The harpy claws you! The harpy barely misses you.
The harpy screeches!
The harpy claws you.
* * * LOW HITPOINT WARNING * * *
The harpy claws you!
* * * LOW HITPOINT WARNING * * *
The harpy screeches!
The harpy claws you but does no damage. The harpy claws you.
* * * LOW HITPOINT WARNING * * *
The harpy barely misses you. The harpy claws you but does no damage.
Found a leather armour.
You hit the harpy.
The harpy goes berserk!
The harpy is lightly wounded.
The harpy closely misses you. The harpy barely misses you.
The harpy screeches!
The harpy claws you but does no damage. The harpy closely misses you.
The harpy claws you.
* * * LOW HITPOINT WARNING * * *
The harpy claws you!
You die...

#.#.# #####.
#.. #...#
#..... .. ##..#
#.#..#.. #..#
...[..##
#########.#
#.....
#........>##
#....
#.####......
#.#...#####.#
#......
#...H@....))#
#......
#...#...#######
#...... # #.#.#
#...... #)#.#
#...... . ..#
#...... #. ###
#[..... .
####### ..


You could see a harpy shaped shifter (berserk).

Vanquished Creatures
  A black bear (D:4)
  3 ogres (D:4)
  7 big kobolds (Sewer)
  3 scorpions
  A crimson imp (D:5)
  2 hounds (D:4)
  A centaur skeleton (D:4)
  3 orc wizards
  2 orc priests (D:6)
  A jelly (D:5)
  A centaur zombie (D:4)
  A giant frog skeleton (D:5)
  5 worker ants
  A worker ant zombie (D:5)
  A hound skeleton (D:6)
  4 river rats
  8 adders
  A shadow imp (D:4)
  4 oozes
  7 worms
  8 orcs
  7 ball pythons
  5 giant cockroaches
  3 goblins
  6 hobgoblins
  6 jackals
  A quokka (D:2)
  5 bats
  4 giant geckos
  A giant gecko skeleton (D:4)
  4 giant newts
  11 kobolds
  7 rats
125 creatures vanquished.

Notes
Turn   | Place    | Note
--------------------------------------------------------------
     0 | D:1      | gorblad the Demonspawn Berserker began the quest for the Orb.
     0 | D:1      | Reached XP level 1. HP: 18/18 MP: 1/1
   290 | D:1      | Gained mutation: You have large cloven feet. [demonic ancestry]
   290 | D:1      | Reached XP level 2. HP: 24/24 MP: 2/2
   666 | D:2      | Reached ** piety under Trog
   666 | D:2      | Reached XP level 3. HP: 21/29 MP: 3/3
   721 | D:2      | Found a faded altar to an unknown god.
  1117 | D:3      | Gained mutation: You regenerate a little health from kills. [demonic ancestry]
  1117 | D:3      | Reached XP level 4. HP: 29/36 MP: 4/4
  1163 | D:3      | Found a glowing drain.
  1170 | Sewer    | Entered a sewer
  1189 | Sewer    | Noticed a big kobold
  1203 | Sewer    | Killed a big kobold
  1203 | Sewer    | Reached XP level 5. HP: 39/42 MP: 5/5
  1221 | Sewer    | Noticed a big kobold
  1246 | Sewer    | Killed a big kobold
  1246 | Sewer    | Reached skill level 4 in Fighting
  1277 | Sewer    | Noticed a big kobold
  1291 | Sewer    | Killed a big kobold
  1291 | Sewer    | Reached XP level 6. HP: 48/48 MP: 6/6
  1448 | Sewer    | Noticed a big kobold
  1502 | Sewer    | Killed a big kobold
  1502 | Sewer    | Reached *** piety under Trog
  1642 | Sewer    | Noticed a big kobold
  1670 | Sewer    | Killed a big kobold
  1683 | Sewer    | Noticed a big kobold
  1726 | Sewer    | Killed a big kobold
  1726 | Sewer    | Reached XP level 7. HP: 49/55 MP: 7/7
  1919 | Sewer    | Noticed a big kobold
  1942 | Sewer    | Killed a big kobold
  2373 | D:3      | Noticed a scorpion
  2383 | D:3      | Killed a scorpion
  2546 | D:4      | Reached skill level 5 in Long Blades
  2565 | D:4      | Reached **** piety under Trog
  2565 | D:4      | Reached skill level 5 in Fighting
  2701 | D:4      | Reached XP level 8. HP: 59/62 MP: 8/8
  2835 | D:4      | Reached skill level 5 in Armour
  3580 | D:5      | Entered Level 5 of the Dungeon
  3645 | D:5      | Reached skill level 6 in Fighting
  4192 | D:6      | Identified the Tome of Creation
  4436 | D:6      | Noticed a two-headed ogre
  4437 | D:6      | Noticed a queen bee
  4437 | D:6      | a two-headed ogre changed into a queen bee
  4439 | D:6      | a queen bee changed into a spriggan
  4444 | D:6      | Noticed a komodo dragon
  4444 | D:6      | a trapdoor spider changed into a komodo dragon
  4445 | D:6      | a komodo dragon changed into a yak
  4446 | D:6      | Noticed a komodo dragon
  4446 | D:6      | a yak changed into a komodo dragon
  4447 | D:6      | Noticed a hornet
  4447 | D:6      | a komodo dragon changed into a hornet
  4449 | D:6      | Paralysed by a hornet for 4 turns
  4453 | D:6      | Noticed a lindwurm
  4453 | D:6      | a hornet changed into a lindwurm
  4455 | D:6      | Noticed a jumping spider
  4455 | D:6      | a lindwurm changed into a jumping spider
  4456 | D:6      | a jumping spider changed into an eye of draining
  4459 | D:6      | Noticed a blink frog
  4459 | D:6      | a yak changed into a blink frog
  4461 | D:6      | Noticed a harpy
  4461 | D:6      | a blink frog changed into a harpy
  4467 | D:6      | Slain by a harpy (glowing shapeshifter)

Action                   |  1- 3 |  4- 6 |  7- 9 || total
-------------------------+-------+-------+-------++-------
Melee: Falchion          |   126 |       |       ||   126
       Long sword        |    13 |   248 |   393 ||   654
Invok: Berserk           |       |       |     4 ||     4
       Burn Spellbooks   |       |       |     1 ||     1
  Use: Scroll            |     3 |     1 |    10 ||    14
       Potion            |       |       |     6 ||     6
 Stab: Confused          |       |       |     2 ||     2
  Eat: Chunk             |     1 |     3 |     7 ||    11
       Bread ration      |       |       |     1 ||     1
       Royal jelly       |       |       |     1 ||     1
